 Dungeon Crawl Stone Soup version 0.23-a0-378-gd7a6ca6 (webtiles) character file.

256 Gergoth the Firebug (level 6, -4/32 HPs)
             Began as a Gargoyle Fire Elementalist on Oct 27, 2018.
             Slain by a fire vortex (16 damage)
             ... summoned by miscasting Sticky Flame
             ... in a sewer.
             The game lasted 00:04:35 (2217 turns).

Gergoth the Firebug (Gargoyle Fire Elementalist)    Turns: 2217, Time: 00:04:35

Health: -4/32      AC:  6    Str: 12    XL:     6   Next: 16%
Magic:  2/11       EV: 12    Int: 17    God:
Gold:   85         SH:  0    Dex: 10    Spells: 4/12 levels left

rFire    . . .     SeeInvis .   d - +0 whip (elec)
rCold    . . .     Gourm    .   (no shield)
rNeg     + . .     Faith    .   a - +0 robe
rPois    ∞         Spirit   .   (no helmet)
rElec    +         Reflect  .   (no cloak)
rCorr    .         Harm     .   (no gloves)
MR       .....                  (no boots)
Stlth    ++........             (no amulet)
HPRegen  0.10/turn              (no ring)
MPRegen  0.12/turn              (no ring)

@: very slightly contaminated
A: negative energy resistance 1, electricity resistance, unbreathing,
petrification resistance, rot immunity, AC +4
a: no special abilities


You were in a sewer.
You were not hungry.

You visited 1 branch of the dungeon, and saw 3 of its levels.
You also visited: Sewer.

You collected 85 gold pieces.

Inventory:

Hand Weapons
 d - a +0 whip of electrocution (weapon)
Armour
 a - a +0 robe (worn)
Jewellery
 l - a cursed ring of flight {unknown}
 n - an uncursed ring of see invisible {unknown}
Scrolls
 h - 4 scrolls of identify {unknown}
 j - a scroll of noise {unknown}
 k - 3 scrolls of teleportation
 o - a scroll of remove curse {unknown}
Potions
 b - a potion of lignification {unknown}
 e - 2 potions of flight {unknown}
 f - a potion of heal wounds {unknown}
 g - a potion of curing {unknown}
 i - a potion of invisibility {unknown}
Comestibles
 c - 5 rations


   Skills:
 - Level 1.5 Dodging
 - Level 2.1 Stealth
 + Level 3.6 Spellcasting
 + Level 3.8 Conjurations
 + Level 4.5 Fire Magic


You had 4 spell levels left.
You knew the following spells:

 Your Spells              Type           Power        Failure   Level  Hunger
a - Flame Tongue          Conj/Fire      ###..        3%          1    None
b - Conjure Flame         Conj/Fire      ###.....     9%          3    ###....
c - Sticky Flame          Conj/Fire      ###.....     28%         4    ####...

Your spell library contained the following spells:

 Spells                   Type           Power        Failure   Level  Hunger
 Throw Flame              Conj/Fire      ###...       4%          2    ##.....
 Inner Flame              Hex/Fire       ##......     19%         3    ###....
 Fireball                 Conj/Fire      ###.......   63%         5    ######.


Dungeon Overview and Level Annotations

Branches:
Dungeon (3/15)

Altars:
Ashenzari
Xom


Innate Abilities, Weirdness & Mutations

You are resistant to torment.
Your stone body is resilient. (AC +4)
You are immune to poison.
You resist negative energy. (rN+)
You are resistant to electric shocks. (rElec)
You can survive without breathing.
You are immune to petrification.
You are immune to rotting.


Message History

Casting: Sticky Flame (quite dangerous; 28% risk of failure)
Confirm with . or Enter, or press ? or * to list all spells.
Aiming: Sticky Flame (quite dangerous; 28% risk of failure)
Press: ? - help, Shift-Dir - straight line, f/p - river rat
Aim: a river rat You miscast Sticky Flame.
Fire whirls out from your hands! 2 fire vortices come into view.
The river rat misses you.
You hit the river rat.
The river rat is lightly wounded.
The river rat closely misses you.
You hit the river rat but do no damage.
The river rat is lightly wounded.
The river rat bites you.
You closely miss the river rat.
The river rat is lightly wounded.
The river rat closely misses you. The fire vortex hits you.
The fire vortex burns you!
Ouch! That really hurt!
You die... ############### ≈......∩vr@†..# ###############

You could see a fire vortex and a river rat.

Vanquished Creatures
  Natasha (D:2)
  3 orc wizards (D:3)
  Terence (D:3)
  A river rat (D:3)
  4 adders
  An ooze (D:2)
  A worm (D:2)
  3 dart slugs
  3 orcs (D:3)
  A ball python (D:3)
  8 bats
  3 giant cockroaches
  4 goblins
  6 hobgoblins
  A quokka (D:2)
  6 frilled lizards
  7 kobolds
  13 rats
67 creatures vanquished.

Notes
Turn   | Place    | Note
-------+----------+-------------------------------------------
     0 | D:1      | Gergoth the Gargoyle Fire Elementalist began the quest for
                  | the Orb.
     0 | D:1      | Reached XP level 1. HP: 10/10 MP: 3/3
   127 | D:1      | Reached XP level 2. HP: 15/15 MP: 3/5
   478 | D:1      | Reached XP level 3. HP: 17/19 MP: 6/6
   995 | D:2      | Found a faded altar of an unknown god.
  1190 | D:2      | Noticed Natasha
  1312 | D:2      | Killed Natasha
  1312 | D:2      | Reached XP level 4. HP: 7/24 MP: 1/8
  1318 | D:2      | Learned a level 3 spell: Conjure Flame
  1323 | D:2      | Learned a level 4 spell: Sticky Flame
  1712 | D:2      | Found a shimmering altar of Xom.
  1974 | D:3      | Reached skill level 4 in Fire Magic
  1979 | D:3      | Found a shattered altar of Ashenzari.
  1993 | D:3      | Noticed Terence
  2013 | D:3      | Reached XP level 5. HP: 26/28 MP: 6/9
  2047 | D:3      | Killed Terence
  2047 | D:3      | Reached XP level 6. HP: 12/32 MP: 2/11
  2175 | D:3      | Found a glowing drain.
  2190 | Sewer    | Entered a sewer
  2217 | Sewer    | Slain by a fire vortex

Vault maps used:
D:1:      mrwooster_arrival_statue, chequers_serial_rivers_large_a
D:2:      chequers_ecumenical_altar_island, xom_teletrap_fun, uniq_natasha
D:3:      lemuel_doored_altar, ashenzari_altar_1, first_ration,
          portal_sewer_entry_a, chequers_serial_rivers_micro_c,
          corexii_corridor_pit, uniq_terence
Sewer:    sewer_kobolds

Skill      XL: |  1  2  3  4 |
---------------+-------------+-----
Conjurations   | 2 3 |  3.8
Spellcasting   | 3 |  3.6
Fire Magic     | 4 |  4.5
Dodging        | |  1.5
Stealth        | |  2.1

Action                   |  1- 3 |  4- 6 || total
-------------------------+-------+-------++-------
Melee: Unarmed           |    13 |       ||    13
       Dagger            |    41 |       ||    41
       Whip              |    37 |    79 ||   116
 Cast: Flame Tongue      |    32 |    18 ||    50
  Use: Scroll            |       |     1 ||     1
 Stab: Sleeping          |     1 |     1 ||     2
  Eat: Chunk             |     2 |     3 ||     5
Armor: Robe              |    27 |    44 ||    71
Dodge: Dodged            |    65 |    80 ||   145

Table legend:
 A = Non-vault XP
 B = Vault XP
 C = Vault XP percentage of total XP
 D = Non-vault monster count
 E = Vault monster count
 F = Vault count percentage of total count
                 A         B        C        D         E       F
            +---------+---------+-------+---------+---------+-------
      Total |     270 |      97 |  26.4 |      58 |       9 |  13.4
            +---------+---------+-------+---------+---------+-------
        D:1 |      36 |       0 |   0.0 |      21 |       0 |   0.0
        D:2 |      74 |      39 |  34.5 |      21 |       1 |   4.5
        D:3 |     160 |      54 |  25.2 |      16 |       4 |  20.0
      Sewer |       0 |       4 | 100.0 |       0 |       4 | 100.0
            +---------+---------+-------+---------+---------+-------
